 Dungeon Crawl Stone Soup version 0.29.1-15-g9cfb28693d (webtiles) character file.

Game seed: 5111770291538126351

268 Hugehornet the Chopper (level 6, 0/55 HPs)
             Began as a Gargoyle Fighter on Mar 23, 2023.
             Slain by an orc warrior
             ... wielding a +0 dire flail
              (14 damage)
             ... on level 4 of the Dungeon.
             The game lasted 00:06:44 (2505 turns).

Hugehornet the Chopper (Gargoyle Fighter)           Turns: 2505, Time: 00:06:44

Health: 0/55       AC: 12    Str: 17 (18) XL:     6   Next: 21%
Magic:  6/6        EV:  9    Int: 12 (15) God:
Gold:   164        SH:  3    Dex:  5 (8)  Spells: 5/5 levels left

rFire   . . .      SeeInvis .   w - +0 hand axe
rCold   . . .      Faith    .   c - +0 buckler
rNeg    + . .      Spirit   .   b - +0 scale mail
rPois   ∞          Reflect  .   p - +0 helmet
rElec   +          Harm     .   (no cloak)
rCorr   .          Rampage  .   (no gloves)
Will    +....                   (no boots)
Stlth   ..........              m - amulet of regeneration
HPRegen 0.98/turn               (no ring)
MPRegen 0.10/turn               (no ring)

@: mighty, berserking, very quick
A: sickness immunity, AC +4, negative energy resistance 1, electricity
resistance, torment resistance 1, petrification resistance, clever 1,
strong-willed 1
a: no special abilities


You were on level 4 of the Dungeon.
You visited 1 branch of the dungeon, and saw 4 of its levels.

You collected 164 gold pieces.

Inventory:

Hand Weapons
 a - a +0 war axe
 u - a +0 morningstar
 w - a +0 hand axe (weapon)
Missiles
 r - a throwing net (quivered)
Armour
 b - a +0 scale mail (worn)
 c - a +0 buckler (worn)
 p - a +0 helmet (worn)
 v - a +0 ring mail of willpower
Jewellery
 m - an amulet of regeneration (around neck)
Scrolls
 f - a scroll of fog {unknown}
 h - a scroll of noise {unknown}
 i - a scroll of enchant armour {unknown}
 l - a scroll of summoning {unknown}
 x - a scroll of immolation {unknown}
 y - a scroll of enchant weapon {unknown}
 z - 2 scrolls of identify {unknown}
Potions
 d - a potion of might
 e - 2 potions of degeneration
 g - a potion of mutation
 j - a potion of flight {unknown}
 k - a potion of magic {unknown}
 n - a potion of berserk rage
 o - a potion of invisibility {unknown}
 q - a potion of resistance {unknown}
 s - 2 potions of brilliance
 t - a potion of curing {unknown}


   Skills:
 - Level 3.2 Fighting
 * Level 5.7 Axes
 - Level 3.3 Armour
 - Level 3.3 Shields


You had 5 spell levels left.
You didn't know any spells.
Your spell library contained the following spells:

 Spells                   Type           Power      Damage    Failure   Level
 Sting                    Tmut/Pois      0%         1d3       82%         1
 Poisonous Vapours        Pois/Air       0%         N/A       91%         2
 Olgreb's Toxic Radiance  Pois           0%         N/A       100%        4


Dungeon Overview and Level Annotations

Branches:
Dungeon (4/15)
 Temple: D:4-7

Altars:
Hepliaklqana
Nemelex Xobeh
Qazlal
Yredelemnul

Shops:
D:1 (   D:3 :


Innate Abilities, Weirdness & Mutations

You are immune to sickness and miasma.
Your stone body is resilient. (AC +4)
You are immune to poison.
You resist negative energy. (rN+)
You are resistant to electric shocks. (rElec)
You are resistant to unholy torment.
You are immune to petrification.
Your mind is acute. (Int +4, Str/Dex -1)
You are strong-willed. (Will+)


Message History

There is a stone staircase leading down here.
HP restored.
There is a stone staircase leading down here.
You climb downwards.
The endoplasm quivers.
The orc misses you.
There is a stone staircase leading up here.
You feel very mighty all of a sudden.
The kobold hits you with a +0 short sword.
The orc hits you but does no damage.
The orc warrior hits you with a +0 dire flail!
It was a potion of degeneration.
There was something very wrong with that liquid.
You feel weakened.
You feel dopey.
You feel clumsy. The kobold hits you but does no damage.
You block the orc's attack. The orc warrior misses you.
Unknown command.
It was a potion of mutation.
You feel extremely strange.
You feel strong-willed.
You feel clever.
The kobold hits you with a +0 short sword.
You block the orc's attack.
The orc warrior hits you with a +0 dire flail!
It was a potion of berserk rage.
A red film seems to cover your vision as you go berserk!
You feel yourself moving faster!
You feel mighty! The iguana bites you. The kobold closely misses you.
The orc closely misses you. The orc hits you with a +0 hand axe.
The orc warrior hits you with a +0 dire flail!
* * * LOW HITPOINT WARNING * * *
You hit the orc warrior.
The orc warrior is lightly wounded.
You slash the endoplasm!
You kill the endoplasm!
You closely miss the iguana. You slash the orc!
You kill the orc!
You closely miss the orc. You slash the kobold!
You kill the kobold!
The iguana barely misses you.
The orc warrior hits you with a +0 dire flail!
You die...

#.....#.....##
.............##
..............#
..............#
..............#
..............#
.......lo.....#
.......@)K....#
.......)o?...##
#.....#...<.##
#############


You could see an orc warrior, an iguana, an orc and a kobold.

Vanquished Creatures
  Natasha (thrice) (D:2)
  Robin (D:2)
  4 gnolls (D:3)
  5 adders
  2 worms
  3 dart slugs
  7 orcs
  7 ball pythons
  4 bats
  4 endoplasms
  A giant cockroach (D:2)
  16 goblins
  11 hobgoblins
  3 jackals (D:3)
  8 kobolds
  A quokka (D:2)
  3 frilled lizards
  4 rats
87 creatures vanquished.

Notes
Turn   | Place    | Note
-------+----------+-------------------------------------------
     0 | D:1      | Hugehornet the Gargoyle Fighter began the quest for the
                  | Orb.
     0 | D:1      | Reached XP level 1. HP: 14/14 MP: 1/1
    36 | D:1      | Reached skill level 2 in Axes
   144 | D:1      | Reached XP level 2. HP: 17/19 MP: 2/2
   238 | D:1      | Found Heiwiomu's Weapon Shoppe.
   460 | D:1      | Found a faded altar of an unknown god.
   679 | D:1      | Reached skill level 3 in Axes
   921 | D:2      | Reached XP level 3. HP: 23/23 MP: 3/3
  1165 | D:2      | Reached XP level 4. HP: 28/28 MP: 4/4
  1197 | D:2      | Found a sparkling altar of Nemelex Xobeh.
  1228 | D:2      | Noticed Natasha
  1243 | D:2      | Killed Natasha
  1244 | D:2      | Reached skill level 4 in Axes
  1295 | D:2      | Noticed Robin
  1320 | D:2      | Killed Robin
  1326 | D:2      | Reached XP level 5. HP: 28/32 MP: 5/5
  1532 | D:2      | Noticed Natasha
  1545 | D:2      | Killed Natasha
  1591 | D:2      | Noticed Natasha
  1612 | D:2      | Killed Natasha
  1613 | D:2      | Reached skill level 5 in Axes
  1886 | D:3      | Reached XP level 6. HP: 37/37 MP: 6/6
  2160 | D:3      | Found Fovaok's Book Emporium.
  2384 | D:3      | Found a basalt altar of Yredelemnul.
  2389 | D:3      | Found a hazy altar of Hepliaklqana.
  2392 | D:3      | Found a stormy altar of Qazlal.
  2454 | D:4      | Noticed an orc warrior
  2503 | D:4      | Gained mutation: You are strong-willed. (Will+) [potion of
                  | mutation]
  2503 | D:4      | Gained mutation: Your mind is acute. (Int +4, Str/Dex -1)
                  | [potion of mutation]
  2505 | D:4      | Slain by an orc warrior

Illustrated notes

Levels and vault maps discovered:
D:1:      evilmike_arrival_crescent, layout_basic,
          hellmonk_ecumenical_altar_prayer_group, serial_shops,
          nicolae_shop_temple_entry_statues_fountains
D:2:      layout_loops_cross, basic_altar, kennysheep_generic_room_3,
          uniq_natasha, uniq_robin
D:3:      cheibrodos_greedy_goblins, layout_loops_ring,
          grunt_temple_overflow_diamond, serial_shops, shop_statue
D:4:      layout_rooms, grunt_dithmenos_smoke_and_mirrors,
          minmay_temple_entry_fiery

Skill      XL: |  1  2  3  4  5 |
---------------+----------------+-----
Axes           | 2 3 4 5 |  5.7
Fighting       | |  3.2
Armour         | |  3.3
Shields        | |  3.3

Action                   |  1- 3 |  4- 6 || total
-------------------------+-------+-------++-------
Melee: War axe           |    74 |   165 ||   239
       Hand axe          |       |    20 ||    20
  Use: Potion            |       |     4 ||     4
Armor: Scale mail        |    52 |   104 ||   156
Dodge: Dodged            |    36 |    82 ||   118
Block: Buckler           |    19 |    41 ||    60
